 Dungeon Crawl Stone Soup version 0.30-a0-329-g85436e0a43 (webtiles) character file.

Game seed: 6990793178804047452

2800 BattleRest the Protected (level 9, -4/82 HPs)
             Began as a Minotaur Fighter on June 23, 2021.
             Was an Initiate of Cheibriados.
             Slain by Amaemon
             ... wielding a +1 demon whip of venom
              (5 damage)
             ... on level 8 of the Dungeon on Oct 28, 2022.
             The game lasted 00:22:28 (7902 turns).

BattleRest the Protected (Minotaur Fighter)         Turns: 7902, Time: 00:22:31

Health: -4/82      AC: 12    Str: 33    XL:     9   Next: 44%
Magic:  8/8        EV:  6    Int:  6    God:    Cheibriados [......]
Gold:   405        SH: 20    Dex: 10    Spells: 8/8 levels left

rFire   . . .      SeeInvis .    a - +0 flail
rCold   . . .      Faith    .    e - +1 tower shield
rNeg    . . .      Spirit   .    g - +0 chain mail
rPois   +          Reflect  +    (helmet restricted)
rElec   .          Harm     .    k - +0 cloak
rCorr   .          Rampage  .    (no gloves)
Will    .....                    (no boots)
Stlth   ..........               m - amulet of reflection
HPRegen 0.33/turn                j - ring of poison resistance
MPRegen 0.11/turn                D - +6 ring of strength

@: mighty, lethally poisoned (-4 -> -7), slowed, very slow
A: horns 2, retaliatory headbutt
a: Renounce Religion


You were on level 8 of the Dungeon.
You worshipped Cheibriados.
Cheibriados was noncommittal.
You visited 2 branches of the dungeon, and saw 9 of its levels.
You also visited: Sewer.

You collected 405 gold pieces.

Inventory:

Hand Weapons
 a - a +0 flail (weapon)
Armour
 e - a +1 tower shield (worn)
 g - a +0 chain mail (worn)
 k - a +0 cloak (worn)
 q - +0 steam dragon scales
Jewellery
 j - a ring of poison resistance (left hand)
 m - an amulet of reflection (around neck)
 o - a ring of poison resistance
 v - a +6 ring of intelligence
 D - a +6 ring of strength (right hand)
Scrolls
 b - a scroll of acquirement {unknown}
 c - a scroll of blinking {unknown}
 i - 4 scrolls of amnesia
 l - 2 scrolls of identify
 n - a scroll of enchant armour
 t - a scroll of enchant weapon {unknown}
 u - a scroll of immolation {unknown}
 w - a scroll of vulnerability {unknown}
 z - 3 scrolls of teleportation
 C - a scroll of poison {unknown}
Potions
 d - 2 potions of might
 f - 5 potions of brilliance
 h - 2 potions of haste
 p - 5 potions of heal wounds
 r - 2 potions of curing
 s - 2 potions of flight
 A - a potion of berserk rage


   Skills:
 + Level 8.6 Fighting
 + Level 8.2 Maces & Flails
 + Level 8.7 Armour
 + Level 8.5 Shields


You had 8 spell levels left.
You didn't know any spells.
Your spell library contained the following spells:

 Spells                   Type           Power      Damage    Failure   Level
 Summon Small Mammal      Summ           0%         N/A       100%        1
 Call Imp                 Summ           0%         N/A       100%        2
 Call Canine Familiar     Summ           0%         N/A       100%        3
 Summon Guardian Golem    Hex/Summ       0%         N/A       100%        3
 Summon Ice Beast         Ice/Summ       0%         N/A       100%        4
 Summon Lightning Spire   Summ/Air       0%         N/A       100%        4


Dungeon Overview and Level Annotations

Branches:
Dungeon (8/15)             Temple (1/1) D:5           Sewer (visited)
   Lair: D:8-11

Altars:
Ashenzari
Cheibriados
Dithmenos
Elyvilon
Fedhas
Hepliaklqana
Kikubaaqudgha
Makhleb
Nemelex Xobeh
Okawaru
Qazlal
Ru
Trog
Uskayaw
Vehumet
Wu Jian
Xom
Yredelemnul
Zin

Annotations:
D:3 3 runed translucent doors, Megustar's ghost, amateur DEEE
D:7 1 runed translucent door, Crazy Yiuf
D:8 Amaemon


Innate Abilities, Weirdness & Mutations

You have a pair of horns on your head.
You reflexively headbutt those who attack you in melee.


Message History

You sock Amaemon!
Amaemon is heavily wounded.
You feel very sick.
Amaemon hits you with a +1 demon whip of venom.
You block Amaemon's attack. Amaemon tail-slaps you.
The orange demon barely misses you. You block the scorpion's attack.
You hit Amaemon.
Amaemon is heavily wounded.
You feel very sick. You block the scorpion's attack.
Amaemon hits you but does no damage. Amaemon closely misses you.
You block Amaemon's attack.
The orange demon stings you but does no damage.
You block the scorpion's attack. Amaemon closely misses you.
Amaemon claws you but does no damage. Amaemon closely misses you.
The orange demon stings you but does no damage.
You closely miss Amaemon. Your headbutt misses Amaemon.
Amaemon is heavily wounded.
You feel very sick. You block the scorpion's attack.
Amaemon hits you but does no damage. You block Amaemon's attack. x2
The orange demon stings you but does no damage.
The scorpion stings you but does no damage.
You barely miss Amaemon. Your headbutt misses Amaemon.
Amaemon is heavily wounded.
You feel sick. You block Amaemon's attack. Amaemon claws you.
* * * LOW HITPOINT WARNING * * *
Amaemon tail-slaps you.
* * * LOW HITPOINT WARNING * * *
The orange demon stings you from afar!
* * * LOW HITPOINT WARNING * * *
You have difficulty breathing.
* * * LOW HITPOINT WARNING * * *
You feel yourself slow down. You block the scorpion's attack.
You sock Amaemon!
Amaemon is severely wounded.
* * * LOW HITPOINT WARNING * * *
You feel very sick. You block the scorpion's attack.
Amaemon hits you but does no damage. Amaemon barely misses you.
Amaemon tail-slaps you.
You die...

# ..... ###
##.##...##.....
..#.....#.....
# ...._........
#. #.....#.....
#..##...##.[...
#......4......#
..
#..#..6(....#.#
. +##
#...@......# .
...#
##.#s......#
##._.##
#..........#
#?....#
######.#.###
#.###.# .....
###.###. .#.###
##(..##. #..
#(#.#.#. ##
#((#..#.


You could see Amaemon, an orange demon (curare) and a scorpion (summoned).

Vanquished Creatures
  Pikel (D:8)
  A steam dragon (D:7)
  A water moccasin (D:6)
  3 black bears
  An ice beast (D:3)
  A sky beast (D:5)
  4 ogres
  3 phantoms
  2 necrophages (D:6)
  3 scorpions
  A water moccasin skeleton (D:5)
  4 jellies
  4 hounds
  3 orc priests
  A gnoll bouda (D:6)
  A bullfrog skeleton (D:5)
  5 iguanas
  2 hound zombies (D:5)
  6 gnolls
  3 adders
  A river rat (D:4)
  A white imp (D:5)
  4 ufetubi
  3 worms
  2 dart slugs
  22 orcs
  8 endoplasms
  4 giant cockroaches
  2 goblins (D:1)
  6 hobgoblins
  A jackal (D:2)
  7 quokkas
  10 ball pythons
  6 bats
  5 frilled lizards
  22 kobolds
  8 rats
162 creatures vanquished.

Vanquished Creatures (others)
  A plant (Sewer)
1 creature vanquished.

Grand Total: 163 creatures vanquished

Notes
Turn   | Place    | Note
-------+----------+-------------------------------------------
     0 | D:1      | BattleRest the Minotaur Fighter began the quest for the
                  | Orb.
     0 | D:1      | Reached XP level 1. HP: 19/19 MP: 0/0
   328 | D:1      | Reached XP level 2. HP: 23/27 MP: 1/1
   512 | D:1      | Found a faded altar of an unknown god.
  1161 | D:2      | Reached XP level 3. HP: 32/33 MP: 2/2
  1595 | D:3      | Noticed an ice beast
  1602 | D:3      | Reached XP level 4. HP: 32/41 MP: 3/3
  1756 | D:3      | Killed an ice beast
  1757 | D:3      | Reached XP level 5. HP: 28/47 MP: 4/4
  2147 | D:3      | Found a runed translucent gate.
  2147 | D:3      | Found a runed translucent gate.
  2150 | D:3      | Found a runed translucent gate.
  2152 | D:3      | Noticed Megustar's ghost (amateur DEEE)
  2280 | D:3      | Reached skill level 5 in Fighting
  2280 | D:3      | Reached skill level 5 in Armour
  2280 | D:3      | Reached skill level 5 in Shields
  2844 | D:4      | Found a glowing drain.
  2865 | Sewer    | Entered a sewer
  2937 | Sewer    | Reached XP level 6. HP: 56/56 MP: 5/5
  3568 | D:4      | Reached skill level 5 in Maces & Flails
  3568 | D:4      | Reached XP level 7. HP: 47/62 MP: 6/6
  4186 | D:5      | Entered Level 5 of the Dungeon
  4394 | D:5      | Found a shimmering altar of Xom.
  4599 | D:5      | Reached XP level 8. HP: 71/71 MP: 7/7
  4650 | D:5      | Found a staircase to the Ecumenical Temple.
  4662 | Temple   | Entered the Ecumenical Temple
  5378 | D:5      | Upgraded the game from 0.27-a0-1324-ge0d8e047f6 to
                  | 0.30-a0-329-g85436e0a43
  6390 | D:6      | Reached XP level 9. HP: 71/81 MP: 8/8
  7143 | D:7      | Found a runed translucent door.
  7144 | D:7      | Noticed Crazy Yiuf
  7530 | D:8      | Found an ornate altar of the Wu Jian Council.
  7596 | D:8      | Noticed a +0 falchion
  7596 | D:8      | Noticed a +0 dagger
  7597 | D:8      | Noticed a +0 spear
  7598 | D:8      | Noticed a +0 short sword
  7598 | D:8      | Noticed a +0 falchion
  7598 | D:8      | Noticed a +0 dagger
  7599 | D:8      | Noticed a +0 spear
  7599 | D:8      | Noticed a +0 short sword
  7600 | D:8      | Noticed Pikel
  7601 | D:8      | Found a hide-covered altar of Uskayaw.
  7609 | D:8      | Killed Pikel
  7761 | Temple   | Became a worshipper of Cheibriados the Contemplative
  7826 | D:8      | Noticed an orange demon
  7826 | D:8      | Found an iron altar of Okawaru.
  7827 | D:8      | Noticed Amaemon
  7901 | D:8      | HP: 4/82 [asphyx]
  7902 | D:8      | HP: 1/82 [poisoned by Amaemon]
  7902 | D:8      | Slain by Amaemon

Illustrated notes

Levels and vault maps discovered:
D:1:      dpeg_arrival_more_subterranean_lakeside_camping, layout_loops_ring,
          hellmonk_ecumenical_altar_crossroads
D:2:      layout_basic
D:3:      layout_loops_ring, gammafunk_ghost_split, minmay_quantized
D:4:      layout_loops_cross, portal_sewer_entry_c
D:5:      layout_loops_corners, general_overflow_altar, temple_green,
          grunt_ministairs_4, minmay_misc_feat_ornament
D:6:      layout_loops_ring, hangedman_minor_gate_pass
D:7:      layout_cave_pools, uniq_crazy_yiuf_cottage
D:8:      layout_basic, tso_altar, mainiacjoe_overflow_six_doors_small,
          nicolae_uskayaw_en_pointe, led_sif_book, okawaru_gym_becter,
          uniq_amaemon, uniq_psyche, uniq_erica, uniq_pikel
Temple:   eino_wide_crystal_templ

Skill      XL: |  1  2  3  4  5  6  7  8  9 |
---------------+----------------------------+-----
Shields        | 4 5 6 7 8 |  8.5
Fighting       | 4 5 6 7 8 |  8.6
Armour         | 4 5 6 7 8 |  8.7
Maces & Flails | 3 4 5 6 7 8 |  8.2

Action                   |  1- 3 |  4- 6 |  7- 9 || total
-------------------------+-------+-------+-------++-------
Melee: Flail             |    98 |   163 |   248 ||   509
       Headbutt          |    10 |    24 |    42 ||    76
  Use: Scroll            |       |     5 |     9 ||    14
       Potion            |       |       |     2 ||     2
Armor: Scale mail        |    36 |    62 |    27 ||   125
       Chain mail        |       |       |    65 ||    65
Dodge: Dodged            |    22 |    27 |    58 ||   107
Block: Kite shield       |    12 |       |       ||    12
       Tower shield      |    81 |   237 |   316 ||   634
       Reflection        |       |     7 |     3 ||    10

Table legend: (Time is in decaauts)
 A = Elapsed time spent in this place.
 B = Non-inter-level travel time spent in this place.
 C = Inter-level travel time spent in this place.
 D = Time resting spent in this place.
 E = Time spent auto-exploring this place.
 F = Levels seen in this place.
 G = Mean time per level.
                   A        B        C        D        E       F      G
               +--------+--------+--------+--------+--------+-----+--------+
         Total |   8233 |   7774 |    459 |    967 |   4825 |  10 |  823.3 |
       Dungeon |   7660 |   7221 |    439 |    967 |   4819 |   8 |  957.5 |
        Temple |    170 |    150 |     20 |      0 |      6 |   1 |  170.0 |
         Sewer |    402 |    402 |      0 |      0 |      0 |   1 |  402.0 |
               +--------+--------+--------+--------+--------+-----+--------+

Top non-repeatable levels by time:
     D:5: 1537 daAuts
     D:6: 1258 daAuts
     D:3: 1212 daAuts
     D:4: 1079 daAuts
     D:1: 1036 daAuts
     D:2: 675 daAuts
     D:7: 667 daAuts
   Sewer: 402 daAuts
     D:8: 192 daAuts
  Temple: 170 daAuts
